 Dungeon Crawl Stone Soup version 0.31.0-7-gf635a9b802 (webtiles) character file.

Game seed: 3072838696765224609

198 monsoonserge the Ducker (level 6, 0/46 HPs)
             Began as a Djinni Monk on Jan 24, 2024.
             Was a Believer of Makhleb.
             Slain by an orc
             ... wielding a +0 flail
              (9 damage)
             ... on level 6 of the Dungeon.
             The game lasted 00:08:03 (2209 turns).

monsoonserge the Ducker (Djinni Monk)               Turns: 2209, Time: 00:08:03

Health: 0/46       AC:  3    Str: 10    XL:     6   Next: 5%
Gold:   94         EV: 13    Int: 13    God:    Makhleb [**....] SH:  0 Dex: 16

rFire   + + .        a - +0 falchion
rCold   x . .        d - orb {light}
rNeg    . . .        e - +0 leather armour
rPois   ∞            (no helmet)
rElec   .            q - scarf {shadows}
rCorr   .            (no gloves)
SInv    .            (boots unavailable)
Will    .....        (no amulet)
Stlth   +            (no ring)
HPRegen 0.27/turn    (no ring)
MPRegen 0.00/turn

%: infuse magic (-1 HP)
@: confused, ambrosia-drunk, flying, glowing
A: sickness immunity, fire resistance 2, cold vulnerability 1, float, innate
caster, HP casting, extra vitality 1
a: Renounce Religion, Minor Destruction


You were on level 6 of the Dungeon.
You worshipped Makhleb.
Makhleb was pleased with you.
You visited 2 branches of the dungeon, and saw 7 of its levels.

You collected 94 gold pieces.

Inventory:

Hand Weapons
 a - a +0 falchion (weapon)
 t - a +0 shortbow
Missiles
 s - 4 poisoned darts (quivered)
Armour
 d - an orb of light (worn)
 e - a +0 leather armour (worn)
 f - a +0 scale mail
 o - a +0 ring mail
 q - a scarf of shadows (worn)
Jewellery
 p - an amulet of faith
Scrolls
 b - a scroll of enchant armour {unknown}
 h - a scroll of blinking {unknown}
 i - a scroll of fear {unknown}
 j - a scroll of identify {unknown}
 m - a scroll of noise {unknown}
 n - 2 scrolls of teleportation {unknown}
Potions
 c - a potion of ambrosia
 g - 3 potions of brilliance {unknown}
 k - a potion of haste {unknown}
 l - a potion of magic {unknown}
 r - a potion of mutation {unknown}


   Skills:
 - Level 3.0 Fighting
 + Level 3.3 Long Blades
 * Level 3.5 Armour
 - Level 4.0 Dodging
 * Level 1.1 Spellcasting
 * Level 1.1 Conjurations
 * Level 1.1 Hexes
 * Level 1.1 Summonings
 * Level 1.1 Necromancy
 * Level 1.1 Translocations
 * Level 1.1 Fire Magic
 * Level 1.1 Ice Magic
 * Level 1.1 Air Magic
 * Level 1.1 Earth Magic
 * Level 1.1 Alchemy
 * Level 1.1 Invocations


You knew the following spells:

 Your Spells              Type           Power      Damage    Failure   Level
a - Freeze                Ice            12%        1d3       24%         1
b - Ensorcelled Hibernat  Hex/Ice        6%         N/A       34%         2
Your spell library was empty.

Dungeon Overview and Level Annotations

Branches:
Dungeon (7/15)             Temple (1/1) D:7

Altars:
Ashenzari
Cheibriados
Dithmenos
Elyvilon
Fedhas
Gozag
Hepliaklqana
Makhleb
Nemelex Xobeh
Okawaru
Qazlal
Ru
Trog
Uskayaw
Wu Jian
Xom
Yredelemnul
Zin

Annotations:
D:3 Grinder, Ijyb


Innate Abilities, Weirdness & Mutations

You are immune to sickness and miasma.
You are immune to poison.
Your flesh is very heat resistant. (rF++)
You are vulnerable to cold. (rC-)
You float through the air rather than walking.
You learn spells naturally, not from books.
Your magical power is your life essence.
You have superior vitality. (+4 MHP)


Message History

The orc hits you with a +0 flail! The white imp misses you.
The orc barely misses you. The orc misses you. The white imp barely misses you.
Your Invocations skill increases to level 1!
You have reached level 6!
You hit the white imp.
The white imp is heavily wounded.
The white imp closely misses you. The orc completely misses you.
The orc barely misses you.
You barely miss the white imp.
The white imp is heavily wounded.
The orc closely misses you. The orc misses you.
The white imp closely misses you.
You barely miss the white imp.
The white imp is heavily wounded.
The orc closely misses you. The white imp hits you. The white imp freezes you.
You feel a terrible chill! The orc hits you with a +0 hand axe.
Unknown command.
You hit the white imp.
The white imp is almost dead.
The orc barely misses you. The orc closely misses you.
The white imp gestures at you. The puff of frost hits you!
You feel a terrible chill!
* * * LOW HITPOINT WARNING * * *
Unknown command.
You hit the white imp.
You kill the white imp!
Makhleb accepts your kill.
You feel better. The orc closely misses you.
The orc hits you but does no damage.
Unknown command.
You completely miss the orc. The orc barely misses you.
The orc hits you with a +0 flail.
* * * LOW HITPOINT WARNING * * *
Press: ? - help, v - describe, . - travel, g - get item
Here: an orc, wielding a +0 hand axe (haloed)
Items here: a +0 dagger; a +0 robe.
The floor.
You are confused.
You feel invigorated. The orc hits you with a +0 flail!
You die...

.. .... .. ?.. ..#..
#....... .... #.......
...##+##########......∩
.......................
.....................).
................o).....
.........[......@o.....
##.....###############.
##.....# .......#
~~.....# ~~P....#
~~♣##.... ~~.# .....
...# .....


You could see 2 orcs.

Vanquished Creatures
  2 quasits (D:6)
  An orc wizard (D:6)
  2 adders
  A white imp (D:6)
  2 ufetubi
  2 ribbon worms (D:2)
  7 orcs
  A ball python (D:3)
  4 endoplasms
  2 giant cockroaches (D:2)
  2 goblins
  7 hobgoblins
  6 jackals (D:2)
  6 kobolds
  3 quokkas
  3 bats
  10 frilled lizards
  3 rats (D:1)
64 creatures vanquished.

Notes
Turn   | Place    | Note
-------+----------+-------------------------------------------
     0 | D:1      | monsoonserge the Djinni Monk began the quest for the Orb.
     0 | D:1      | Reached XP level 1. HP: 20/20 MP: 0/0
    95 | D:1      | Reached XP level 2. HP: 23/25 MP: 0/0
   574 | D:2      | Reached skill level 1 in Armour
   619 | D:2      | Reached XP level 3. HP: 29/30 MP: 0/0
   619 | D:2      | Learned a level 1 spell: Freeze
   726 | D:2      | Reached skill level 4 in Dodging
   981 | D:2      | Reached XP level 4. HP: 33/35 MP: 0/0
  1001 | D:2      | Found a stormy altar of Qazlal.
  1456 | D:3      | Noticed Ijyb
  1457 | D:3      | Noticed Grinder
  1663 | D:3      | Paralysed by Grinder for 5 turns
  1779 | D:4      | You are sucked into a shaft and drop 3 floors!
  1779 | D:7      | Found a staircase to the Ecumenical Temple.
  1784 | Temple   | Entered the Ecumenical Temple
  1803 | Temple   | Became a worshipper of Makhleb the Destroyer
  1803 | Temple   | Reached * piety under Makhleb
  1803 | Temple   | Reached ** piety under Makhleb
  2042 | D:6      | Noticed a phantom
  2053 | D:6      | Reached skill level 1 in Spellcasting
  2053 | D:6      | Reached skill level 1 in Conjurations
  2053 | D:6      | Reached skill level 1 in Hexes
  2053 | D:6      | Reached skill level 1 in Summonings
  2053 | D:6      | Reached skill level 1 in Necromancy
  2053 | D:6      | Reached skill level 1 in Translocations
  2053 | D:6      | Reached skill level 1 in Fire Magic
  2053 | D:6      | Reached skill level 1 in Ice Magic
  2053 | D:6      | Reached skill level 1 in Air Magic
  2053 | D:6      | Reached skill level 1 in Earth Magic
  2053 | D:6      | Reached skill level 1 in Alchemy
  2053 | D:6      | Reached XP level 5. HP: 15/40 MP: 0/0
  2053 | D:6      | Learned a level 2 spell: Ensorcelled Hibernation
  2203 | D:6      | Reached skill level 1 in Invocations
  2203 | D:6      | Reached XP level 6. HP: 20/46 MP: 0/0
  2209 | D:6      | Slain by an orc

Illustrated notes

Levels and vault maps discovered:
D:1:      ebering_trefoil_twist, layout_rooms
D:2:      layout_loops_cross, basic_altar, minmay_3d_cube
D:3:      layout_basic, minmay_lizard_king, uniq_grinder, uniq_natasha,
          uniq_robin, uniq_ijyb
D:4:      layout_basic, nicolae_letterblocks [nicolae_letter_subblock,
          nicolae_letter_subblock, nicolae_letter_subblock,
          nicolae_letter_subblock, nicolae_letter_subblock,
          nicolae_letter_subblock, nicolae_letter_subblock,
          nicolae_letter_subblock, nicolae_letter_subblock,
          nicolae_letter_subblock, nicolae_letter_subblock,
          nicolae_letter_subblock, nicolae_letter_subblock,
          nicolae_letter_subblock, nicolae_letter_subblock,
          nicolae_letter_subblock, nicolae_letter_subblock,
          nicolae_letter_subblock, nicolae_letter_subblock,
          nicolae_letter_subblock, nicolae_letter_subblock,
          nicolae_letter_subblock, nicolae_letter_subblock,
          nicolae_letter_subblock, nicolae_letter_subblock]
D:6:      layout_gridville, serial_demonic, serial_demonic_a, serial_demonic_a,
          serial_demonic_f, serial_demonic_d,
          nicolae_concentric_dashed_squares_wild
D:7:      layout_basic, minmay_temple_entry_glass, gammafunk_ghost_hive
Temple:   nicolae_temple_slightly_damp_pantheon

Skill      XL: |  1  2  3  4  5 |
---------------+----------------+-----
Long Blades    | 3 |  3.3
Armour         | 1 3 |  3.5
Dodging        | 4 |  4.0
Spellcasting   | 1 |  1.1
Conjurations   | 1 |  1.1
Hexes          | 1 |  1.1
Summonings     | 1 |  1.1
Necromancy     | 1 |  1.1
Translocations | 1 |  1.1
Fire Magic     | 1 |  1.1
Ice Magic      | 1 |  1.1
Air Magic      | 1 |  1.1
Earth Magic    | 1 |  1.1
Alchemy        | 1 |  1.1
Invocations    | 1 |  1.1
Fighting       | |  3.0

Action                     |  1- 3 |  4- 6 || total
---------------------------+-------+-------++-------
  Melee: Falchion          |    83 |   114 ||   197
 Invoke: Minor Destruction |       |    10 ||    10
    Use: Potion            |       |     1 ||     1
 Armour: Robe              |     3 |       ||     3
         Leather armour    |    48 |   113 ||   161
  Dodge: Dodged            |    58 |   141 ||   199
